 Dungeon Crawl Stone Soup version 0.27.1-2-g3b301248ec (webtiles) character file.

Game seed: 14899457064505113999

744 Urokeeper the Cutter (level 7, -8/59 HPs)
             Began as a Hill Orc Brigand on Sept 30, 2021.
             Was a Follower of Trog.
             Mangled by an orc warrior (9 damage)
             ... on level 4 of the Dungeon.
             The game lasted 00:14:43 (4449 turns).

Urokeeper the Cutter (Hill Orc Brigand)             Turns: 4449, Time: 00:14:43

Health: -8/59      AC: 10    Str: 14    XL:     7   Next: 76%
Magic:  7/7        EV: 10    Int: 11    God:    Trog [*.....]
Gold:   149        SH:  0    Dex: 20    Spells: 6/6 levels left

rFire    + + +     SeeInvis .   a - +4 dagger
rCold    x . .     Faith    +   (no shield)
rNeg     . . .     Spirit   .   m - +0 fire dragon scales
rPois    .         Reflect  .   (helmet restricted)
rElec    .         Harm     .   c - +0 cloak
rCorr    .         Rampage  .   (no gloves)
Will     .....                  (no boots)
Stlth    +.........             n - amulet of faith
HPRegen  0.19/turn              o - ring of protection from fire
MPRegen  0.10/turn              p - +6 ring of dexterity

@: mighty, on berserk cooldown, slowed, very slow
A: antennae 1
a: Renounce Religion, Berserk


You were on level 4 of the Dungeon.
You worshipped Trog.
Trog was aware of your devotion.
You visited 1 branch of the dungeon, and saw 4 of its levels.

You collected 149 gold pieces.

Inventory:

Hand Weapons
 a - a +4 dagger (weapon)
Armour
 b - a +0 robe
 c - a +0 cloak (worn)
 g - a +0 scale mail
 m - +0 fire dragon scales (worn)
Jewellery
 d - a ring of protection from fire
 n - an amulet of faith (around neck)
 o - a ring of protection from fire (left hand)
 p - a +6 ring of dexterity (right hand)
 r - a ring of positive energy
Wands
 t - a wand of flame (18)
Scrolls
 i - a scroll of magic mapping {unknown}
 j - a scroll of summoning {unknown}
 l - a scroll of noise {unknown}
 q - a scroll of amnesia {unknown}
 s - a scroll of blinking {unknown}
Potions
 h - 2 potions of cancellation
 k - a potion of might


   Skills:
 + Level 4.0 Fighting
 + Level 4.8 Short Blades
 + Level 2.9 Throwing
 + Level 4.2 Armour
 + Level 2.3 Dodging
 + Level 4.3 Stealth


You had 6 spell levels left.
You didn't know any spells.
Your spell library was empty.

Dungeon Overview and Level Annotations

Branches:
Dungeon (4/15)
 Temple: D:4-7

Altars:
Ashenzari
Trog
Zin

Annotations:
D:4 3 runed translucent doors


Innate Abilities, Weirdness & Mutations

You have a pair of small antennae on your head.


Message History

Found a transparent helmet.
You feel a strong urge to attack something.
The hound closely misses you.
You barely miss the hound. The hound bites you but does no damage.
You puncture the hound!
The hound is severely wounded.
The hound barely misses you.
You closely miss the hound.
The hound is severely wounded.
The orc warrior hits you with a +0 war axe!
* * * LOW HITPOINT WARNING * * *
You completely miss the hound.
The hound is severely wounded.
The hound bites you but does no damage.
You barely miss the hound.
The hound is severely wounded.
The hound bites you but does no damage. The orc warrior misses you.
You hit the hound.
The hound is almost dead.
An orc wizard appears from thin air!
Reactivating autopickup.
The hound bites you but does no damage.
You puncture the hound!
You kill the hound!
Trog accepts your kill.
The orc warrior hits you with a +0 war axe!
* * * LOW HITPOINT WARNING * * *
You feel a strong urge to attack something.
You are no longer berserk.
You are exhausted.
You feel yourself slow down.
It was a potion of might.
You feel very mighty all of a sudden. The orc warrior closely misses you.
It was a potion of mutation.
You feel extremely strange. A pair of antennae grows on your head!
The orc warrior hits you with a +0 war axe.
* * * LOW HITPOINT WARNING * * *
The orc warrior hits you with a +0 war axe!
You die...

#..###.# #.#
.......# #.#
..###### #.#
........ #.#
######## ###
#.# #######
..# #.#
...)... #[#
#.# .....#
#.# #.#
.....# #@#
#.# .....#
#o# #.#
.....# #o#
#o# .....#
#.# #.#
.....# #.#
#.# .....#
#o# #.#
.....#
#.#########.#
.....#
#.....o.....#
.....#
#############


You could see an orc warrior, an orc wizard and an orc.

Vanquished Creatures
  Grinder (D:3)
  Sigmund (D:3)
  Purgy (D:3)
  A howler monkey (D:3)
  2 hounds
  An orc priest (D:4)
  An iguana (D:4)
  Jessica (D:2)
  A gnoll (D:1)
  3 adders
  A worm (D:2)
  2 dart slugs
  2 ball pythons
  4 endoplasms
  A giant cockroach (D:3)
  17 goblins
  8 hobgoblins
  4 jackals
  A quokka (D:3)
  10 bats
  2 frilled lizards
  4 rats (D:1)
69 creatures vanquished.

Vanquished Creatures (others)
  5 plants
5 creatures vanquished.

Grand Total: 74 creatures vanquished

Notes
Turn   | Place    | Note
-------+----------+-------------------------------------------
     0 | D:1      | Urokeeper the Hill Orc Brigand began the quest for the Orb.
     0 | D:1      | Reached XP level 1. HP: 18/18 MP: 1/1
   261 | D:1      | Reached XP level 2. HP: 7/25 MP: 2/2
   263 | D:1      | Reached skill level 1 in Dodging
   811 | D:1      | Reached XP level 3. HP: 30/30 MP: 3/3
  1274 | D:2      | Reached XP level 4. HP: 27/37 MP: 4/4
  2153 | D:2      | Found a bloodstained altar of Trog.
  2170 | D:2      | Became a worshipper of Trog the Wrathful
  2213 | D:2      | Found a faded altar of an unknown god.
  2431 | D:2      | Noticed Jessica
  2434 | D:2      | Killed Jessica
  2435 | D:2      | Reached skill level 1 in Armour
  2435 | D:2      | Reached XP level 5. HP: 44/44 MP: 5/5
  2867 | D:3      | Noticed Purgy
  2874 | D:3      | Killed Purgy
  2875 | D:3      | Reached XP level 6. HP: 49/51 MP: 6/6
  3032 | D:3      | Noticed Grinder
  3033 | D:3      | Paralysed by Grinder for 5 turns
  3054 | D:3      | Killed Grinder
  3055 | D:3      | Reached XP level 7. HP: 44/58 MP: 7/7
  3255 | D:3      | Noticed Sigmund
  3298 | D:3      | Killed Sigmund
  3300 | D:3      | Reached * piety under Trog
  3594 | D:3      | Found a bloodstained altar of Trog.
  3630 | D:3      | Found a broken altar of Ashenzari.
  3634 | D:3      | Saw a vision of the Swamp and the Spider Nest.
  3634 | D:3      | Noticed a redback
  3634 | D:3      | Noticed a redback
  3634 | D:3      | Noticed a redback
  3634 | D:3      | Noticed a wolf spider
  3634 | D:3      | Noticed a redback
  3634 | D:3      | Noticed a wolf spider
  3634 | D:3      | Noticed a redback
  3634 | D:3      | Noticed a goliath frog
  3634 | D:3      | Noticed a redback
  3637 | D:3      | Noticed a wolf spider
  3951 | D:3      | Found a glowing silver altar of Zin.
  4060 | D:4      | Found a runed translucent gate.
  4060 | D:4      | Found a runed translucent gate.
  4060 | D:4      | Found a runed translucent gate.
  4449 | D:4      | Gained mutation: You have a pair of small antennae on your
                  | head. [potion of mutation]
  4449 | D:4      | HP: 1/59 [orc warrior (5)]
  4449 | D:4      | Mangled by an orc warrior

Illustrated notes

Levels and vault maps discovered:
D:1:      dpeg_arrival_rooms_with_view, layout_loops_ring, serial_bayou,
          serial_bayou_shore_b, serial_bayou_shore_a, serial_bayou_pond_e,
          serial_bayou_ford_a
D:2:      layout_loops_corners, basic_altar, basic_ecumenical_altar,
          minmay_goblin_outpost, uniq_jessica
D:3:      layout_basic, grunt_ashenzari_visionary
          [grunt_ashenzari_visionary_swamp, grunt_ashenzari_visionary_spider],
          mainiacjoe_overflow_small_starburst, mainiacjoe_overflow_alcove_2,
          dk_noncrumbling_2, corner_web_ring, uniq_robin, uniq_sigmund,
          uniq_purgy, uniq_grinder
D:4:      layout_basic, lemuel_tele_altar, gammafunk_ghost_icy

Skill      XL: |  1  2  3  4  5  6  7 |
---------------+----------------------+-----
Throwing       | 2 |  2.9
Dodging        | 1 2 |  2.3
Stealth        | 4 |  4.3
Armour         | 1 2 3 4 |  4.2
Fighting       | 3 4 |  4.0
Short Blades   | 3 4 |  4.8

Action                   |  1- 3 |  4- 6 |  7- 9 || total
-------------------------+-------+-------+-------++-------
Melee: Dagger            |    82 |   132 |    74 ||   288
Throw: Dart              |     3 |    13 |     4 ||    20
Invok: Berserk           |       |       |     1 ||     1
  Use: Scroll            |       |     3 |     2 ||     5
       Potion            |       |     1 |     3 ||     4
 Stab: Sleeping          |       |     1 |       ||     1
Armor: Robe              |     6 |       |       ||     6
       Scale mail        |    50 |    55 |       ||   105
       Fire dragon scale |       |    19 |    20 ||    39
Dodge: Dodged            |    37 |    59 |    21 ||   117
